 Dungeon Crawl Stone Soup version 0.27-a0-1154-gfdeffcb720 (webtiles) character file.

Game seed: 12998009363243611229

48524 bilbop the Harbinger of Death (level 14, -31/102 HPs)
             Began as a Djinni Air Elementalist on May 12, 2021.
             Was a High Priest of Yredelemnul.
             Annihilated by an orc warlord
             ... wielding a +1 antimagic bardiche
              (36 damage)
             ... on level 1 of the Orcish Mines on May 14, 2021.
             The game lasted 03:15:10 (33200 turns).

bilbop the Harbinger of Death (DjAE)               Turns: 33200, Time: 03:15:11

Health: -31/102    AC:  8    Str:  7    XL:     14   Next: 87%
Gold:   1396       EV: 15    Int: 27    God:    Yredelemnul [*****.] SH:  5 Dex: 15

rFire    + + .     SeeInvis .   a - +1 dagger (drain)
rCold    x . .     Faith    .   (no shield)
rNeg     . . .     Spirit   .   w - +2 leather armour {Will+}
rPois    ∞         Reflect  +   O - +1 hat {Stlth+}
rElec    .         Harm     .   y - +0 cloak
rCorr    .         Rampage  .   i - +0 pair of gloves
Will     ++...                  (boots unavailable)
Stlth    +++++.....             l - amulet of reflection
HPRegen  0.27/turn              q - +6 ring of intelligence
MPRegen  0.00/turn              d - +4 ring of evasion

@: flying
A: sickness immunity, fire resistance 2, cold vulnerability 1, float, innate
caster, hp casting, extra vitality 1
a: Renounce Religion, Recall Undead Slaves, Injury Mirror, Animate Dead, Drain
Life, Enslave Soul


You were on level 1 of the Orcish Mines.
You worshipped Yredelemnul.
Yredelemnul was extremely pleased with you.
You visited 3 branches of the dungeon, and saw 19 of its levels.

You collected 1396 gold pieces.

Inventory:

Hand Weapons
 a - a +1 dagger of draining (weapon)
 b - a +0 long sword
 P - a +0 falchion of freezing
Missiles
 j - 109 sling bullets
 r - 147 stones
 D - 7 curare-tipped darts
 T - a throwing net
Armour
 i - a +0 pair of gloves (worn)
 u - a scarf of shadows
 w - a +2 leather armour of willpower (worn)
 y - a +0 cloak (worn)
 N - a +0 buckler
 O - a +1 hat of stealth (worn)
Jewellery
 d - a +4 ring of evasion (right hand)
 l - an amulet of reflection (around neck)
 q - a +6 ring of intelligence (left hand)
 A - the amulet "Gibbuvijoo" {Faith Int+2 Stlth+}
   (You acquired it on level 8 of the Dungeon)

   [amulet of faith]

   It allows you to gain divine favour quickly.
   It affects your intelligence (+2).
   It makes you more stealthy.
 B - the ring "Fidet" {Ice Will- Str+8 Slay+5 Stlth-}
   (You found it on level 8 of the Dungeon)

   [ring of ice]

   It enhances your ice magic.
   It affects your strength (+8).
   It affects your accuracy and damage with ranged weapons and melee attacks
   (+5).
   It makes you vulnerable to fire.
   It protects you from cold.
   It decreases your willpower.
   It makes you less stealthy.
 I - a ring of protection from fire
 J - a ring of fire
 S - a ring of willpower
 U - a ring of positive energy
 V - a ring of resist corrosion
Wands
 g - a wand of iceblast (59)
 n - a wand of paralysis (4)
 t - a wand of digging (14)
 G - a wand of charming (9)
 L - a wand of acid (12)
Scrolls
 e - 8 scrolls of teleportation
 f - 4 scrolls of identify
 o - 4 scrolls of magic mapping
 E - 4 scrolls of enchant weapon
 K - 2 scrolls of enchant armour
 Q - 3 scrolls of fog
 R - a scroll of fear
Potions
 c - 5 potions of curing
 h - a potion of might {unknown}
 k - 5 potions of heal wounds
 m - 2 potions of attraction {unknown}
 p - 4 potions of resistance
 s - 3 potions of ambrosia {unknown}
 v - a potion of magic {unknown}
 x - a potion of invisibility {unknown}
 z - a potion of haste {unknown}
 C - a potion of degeneration {unknown}
 F - 3 potions of berserk rage {unknown}
 H - 2 potions of lignification {unknown}
 M - a potion of mutation {unknown}


   Skills:
 + Level 9.9 Fighting
 + Level 9.0 Long Blades
 - Level 2.1 Dodging
 + Level 9.2 Stealth
 * Level 1.4 Shields
 * Level 11.0 Spellcasting
 + Level 12.0 Invocations


You had one spell level left.
You knew the following spells:

 Your Spells              Type           Power      Damage    Failure   Level
a - Shock                 Conj/Air       100%       1d9       1%          1
b - Static Discharge      Conj/Air       65%        N/A       1%          2
c - Swiftness             Air            65%        N/A       1%          3
d - Airstrike             Air            32%        N/A       1%          4
e - Lightning Bolt        Conj/Air       32%        1d50      1%          5
f - Sandblast             Erth           100%       2d20      1%          1
g - Slow                  Hex            65%        N/A       1%          2
h - Summon Guardian Gole  Hex/Summ       65%        N/A       1%          3
i - Confusing Touch       Hex            65%        N/A       1%          3
j - Manifold Assault      Tloc           65%        N/A       1%          5
k - Agony                 Necr           65%        N/A       1%          5
Your spell library was empty.

Dungeon Overview and Level Annotations

Branches:
Dungeon (12/15)            Temple (0/1) D:7            Lair (6/6) D:8
 Shoals (0/4) Lair:4        Snake (0/4) Lair:4        Slime (0/5) Lair:5
    Orc (1/2) D:11

Altars:
Dithmenos
Elyvilon
Hepliaklqana
Qazlal
Uskayaw
Vehumet
Xom
Yredelemnul
Beogh
Jiyva

Portals:
Trove: D:11 (give 6 scrolls of blinking)


Innate Abilities, Weirdness & Mutations

You are immune to sickness and miasma.
You are immune to poison.
Your flesh is very heat resistant. (rF++)
You are vulnerable to cold. (rC-)
You float through the air rather than walking.
You learn spells naturally, not from books.
Your magical power is your life essence.
You have superior vitality. (+4 HP)


Message History

The air twists around and strikes the orc warlord.
The orc warlord is moderately wounded.
The orc warlord seems less drained.
The orc warlord hits you from afar with a +1 antimagic bardiche!!
Your warg zombie bites the orc warlord but does no damage.
Your vampire closely misses the orc warlord.
Your vampire bites the orc warlord but does no damage.
The orc warlord hits your warg zombie with a +1 antimagic bardiche!!
Your warg zombie is destroyed!
Your vampire closely misses the orc warlord.
Your vampire bites the orc warlord.
Your vampire draws strength from the orc warlord's injuries!
Your orc zombie hits the orc warlord but does no damage.
Your vampire hits the orc warlord but does no damage.
Your vampire completely misses the orc warlord.
The orc warlord hits you from afar with a +1 antimagic bardiche!!
* * * LOW HITPOINT WARNING * * *
Your orc zombie closely misses the orc warlord.
Your vampire hits the orc warlord.
Your vampire bites the orc warlord.
Your vampire draws strength from the orc warlord's injuries!
You feel much better. The orc warlord closely misses you.
Casting: Airstrike (mildly dangerous; 1% risk of failure)
Confirm with . or Enter, or press ? or * to list all spells.
Your hands begin to glow red.
* * * LOW HITPOINT WARNING * * *
The orc warlord completely misses you.
Your vampire hits the orc warlord but does no damage.
Your vampire bites the orc warlord.
Your vampire draws strength from the orc warlord's injuries!
The orc warlord hits you with a +1 antimagic bardiche!!
* * * LOW HITPOINT WARNING * * *
Your vampire hits the orc warlord but does no damage.
Your vampire barely misses the orc warlord.
Your orc zombie hits the orc warlord but does no damage.
You hit the orc warlord but do no damage.
The orc warlord appears confused.
The orc warlord is moderately wounded.
The orc warlord hits you with a +1 antimagic bardiche!!!
You die...
Your body rises from the dead as a mindless zombie.

##.........###
###.....##.)...#
#......###.....#
####..###......####
#....#....##.#.#
##......###z...#
##.......###...#
#............#..#
####......@....##....
##......#..o...## ...##
#......###ZV...# ..#
###.....##.)...## ..# #
##.....#......# .# ##)
#................ ##..)
###....)##)....##
#.$...##..)..).#....$.#
##.)[....#..#..##...


You could see an orc warlord (confused, ally target), a friendly vampire and a
friendly orc zombie.

Vanquished Creatures
  Gastronok (Lair:3)
  Snorg (D:10)
  4 hydras
  A centaur warrior (D:11)
  A two-headed ogre (D:9)
  4 death yaks
  3 skeletal warriors (D:12)
  2 manticores (D:11)
  2 cyclopes (D:12)
  2 torpor snails
  2 black mambas
  3 unseen horrors
  A kobold demonologist (D:10)
  15 cane toads
  A rime drake (Lair:4)
  13 komodo dragons
  A polar bear (Lair:5)
  2 hornets
  A troll (D:9)
  11 blink frogs
  4 slime creatures (D:12)
  8 dream sheep
  A spriggan (Lair:6)
  4 basilisks
  2 wyverns
  2 wraiths
  Eustachio (D:6)
  32 yaks
  A steam dragon (D:8)
  3 wargs (Orc:1)
  2 nagas (Lair:4)
  10 water moccasins
  4 orc warriors
  2 black bears
  2 necrophages
  4 ice beasts
  A boggart (Lair:6)
  5 ogres
  12 wolves
  8 centaurs
  2 phantoms (D:5)
  11 bullfrogs
  A gnoll sergeant (D:10)
  4 kobold brigands
  A wyvern zombie (D:6)
  A scorpion (D:6)
  6 killer bees (D:11)
  A bullfrog zombie (D:5)
  6 centaur zombies
  A hound (D:4)
  2 jellies
  8 orc priests
  5 iguanas
  10 orc wizards
  A scorpion zombie (D:3)
  A howler monkey zombie (D:5)
  A howler monkey skeleton (D:7)
  3 gnolls (D:10)
  8 adders
  3 shadow imps
  A white imp (D:7)
  An ufetubus (D:4)
  5 dart slugs
  39 orcs
  5 endoplasms
  A giant cockroach (D:2)
  7 goblins
  7 hobgoblins
  5 jackals
  7 quokkas
  3 ball pythons
  5 bats
  2 frilled lizards
  A jackal zombie (D:3)
  25 kobolds
  2 quokka zombies (D:3)
  9 rats
380 creatures vanquished.

Vanquished Creatures (collateral kills)
  A hydra (Lair:5)
  4 death yaks
  4 black mambas
  A gargoyle (D:12)
  2 cane toads
  2 komodo dragons
  3 polar bears
  A blink frog (Lair:6)
  A dream sheep (Lair:5)
  4 spriggans (Lair:6)
  19 yaks
  3 basilisks
  A wraith (D:12)
  A naga (Lair:4)
  A water moccasin (Lair:6)
  A warg (Orc:1)
  3 orc warriors
  10 wolves
  2 bullfrogs
  16 orcs
  A kobold (D:11)
81 creatures vanquished.

Vanquished Creatures (others)
  10 flying skulls
  3 wights
  An elephant slug zombie (Lair:3)
  2 hydra zombies
  A cane toad skeleton (Lair:1)
  A manticore zombie (D:11)
  A torpor snail zombie (Lair:6)
  A black mamba zombie (Lair:6)
  3 centaur zombies (Lair:4)
  3 blink frog zombies (Lair:6)
  A polar bear zombie (Lair:4)
  2 spriggan zombies (Lair:6)
  3 warg zombies (Orc:1)
  3 water moccasin zombies
  5 cane toad zombies
  A dream sheep zombie (Lair:5)
  A komodo dragon skeleton (Lair:2)
  A rime drake zombie (Lair:4)
  A spriggan skeleton (Lair:6)
  4 komodo dragon zombies
  16 yak zombies
  5 bullfrog zombies
  2 gnoll skeletons (D:10)
  4 killer bee zombies (D:11)
  A kobold (D:8)
  6 kobold zombies
  3 orc skeletons
  16 orc zombies
  A steam dragon zombie (D:8)
  9 wolf zombies
  A yak skeleton (D:8)
  64 fungi
  101 plants
277 creatures vanquished.

Grand Total: 738 creatures vanquished

Notes
Turn   | Place    | Note
-------+----------+-------------------------------------------
     0 | D:1      | bilbop the Djinni Air Elementalist began the quest for the
                  | Orb.
     0 | D:1      | Reached XP level 1. HP: 15/15 MP: 0/0
   449 | D:1      | Reached XP level 2. HP: 16/22 MP: 0/0
   976 | D:1      | Reached XP level 3. HP: 22/26 MP: 0/0
   976 | D:1      | Learned a level 1 spell: Sandblast
  1252 | D:1      | Reached skill level 1 in Fighting
  1705 | D:2      | Reached skill level 1 in Long Blades
  1927 | D:2      | Reached XP level 4. HP: 23/32 MP: 0/0
  3001 | D:3      | Noticed a necrophage
  3005 | D:3      | Killed a necrophage
  3006 | D:3      | Reached XP level 5. HP: 31/38 MP: 0/0
  3006 | D:3      | Learned a level 2 spell: Slow
  3300 | D:3      | Reached XP level 6. HP: 40/43 MP: 0/0
  3429 | D:3      | Found a basalt altar of Yredelemnul.
  3434 | D:3      | Became a worshipper of Yredelemnul the Dark
  4063 | D:4      | Reached skill level 1 in Invocations
  4625 | D:4      | Noticed a necrophage
  4628 | D:4      | Reached XP level 7. HP: 33/49 MP: 0/0
  4628 | D:4      | Learned a level 3 spell: Summon Guardian Golem
  4637 | D:4      | Reached skill level 2 in Invocations
  5023 | D:5      | Entered Level 5 of the Dungeon
  5278 | D:5      | Reached skill level 3 in Invocations
  5278 | D:5      | Reached XP level 8. HP: 52/56 MP: 0/0
  5767 | D:5      | Found a hazy altar of Hepliaklqana.
  5775 | D:5      | Reached * piety under Yredelemnul
  5787 | D:5      | Found a shadowy altar of Dithmenos.
  5787 | D:5      | Noticed a shadow
  6061 | D:5      | Reached skill level 4 in Invocations
  6447 | D:6      | Reached skill level 5 in Spellcasting
  6772 | D:6      | Reached XP level 9. HP: 61/62 MP: 0/0
  6772 | D:6      | Learned a level 3 spell: Confusing Touch
  6781 | D:6      | Noticed Eustachio
  6788 | D:6      | Killed Eustachio
  7297 | D:7      | Reached skill level 5 in Invocations
  7302 | D:7      | HP: 3/62 [orc warrior/+0 halberd of protection (14)]
  9174 | D:7      | Found a white marble altar of Elyvilon.
  9429 | D:7      | Found a staircase to the Ecumenical Temple.
  9741 | D:7      | Found a hide-covered altar of Uskayaw.
 10448 | D:8      | Identified a scroll of acquirement
 10449 | D:8      | Acquired the amulet "Gibbuvijoo" {Faith Int+2 Stlth+}
 10594 | D:8      | Identified the ring "Fidet" {Ice Will- Str+8 Slay+5 Stlth-}
 10596 | D:8      | Found a shimmering altar of Xom.
 10763 | D:8      | Reached skill level 6 in Invocations
 10765 | D:8      | Reached XP level 10. HP: 41/69 MP: 0/0
 11146 | D:8      | Reached skill level 5 in Fighting
 11146 | D:8      | Reached skill level 5 in Stealth
 11418 | D:8      | Noticed a komodo dragon
 11428 | D:8      | Noticed a komodo dragon
 11428 | D:8      | Killed a komodo dragon
 11436 | D:8      | Killed a komodo dragon
 11439 | D:8      | Reached ** piety under Yredelemnul
 12152 | D:8      | Noticed a komodo dragon
 12159 | D:8      | Killed a komodo dragon
 12160 | D:8      | Reached skill level 5 in Long Blades
 12160 | D:8      | Reached skill level 7 in Invocations
 12311 | D:8      | Noticed a komodo dragon
 12341 | D:8      | Killed a komodo dragon
 12518 | D:8      | Found a staircase to the Lair.
 13239 | D:9      | Noticed a two-headed ogre
 13245 | D:9      | Killed a two-headed ogre
 13246 | D:9      | Reached XP level 11. HP: 62/76 MP: 0/0
 13246 | D:9      | Learned a level 5 spell: Manifold Assault
 13866 | D:10     | Entered Level 10 of the Dungeon
 13888 | D:10     | Reached skill level 8 in Invocations
 14722 | D:10     | Noticed Snorg
 14734 | D:10     | Killed Snorg
 15067 | D:10     | Found a stormy altar of Qazlal.
 15098 | D:10     | Reached *** piety under Yredelemnul
 15512 | Lair:1   | Entered Level 1 of the Lair of Beasts
 16058 | Lair:1   | Noticed a five-headed hydra
 16091 | Lair:1   | Killed a five-headed hydra
 16092 | Lair:1   | Reached skill level 9 in Invocations
 17036 | Lair:2   | Reached XP level 12. HP: 71/84 MP: 0/0
 18775 | Lair:2   | Noticed a seven-headed hydra
 19414 | Lair:2   | Reached skill level 10 in Invocations
 19570 | Lair:2   | Killed a seven-headed hydra
 20512 | Lair:3   | Found a hazy altar of Hepliaklqana.
 20597 | Lair:3   | Noticed Gastronok
 20607 | Lair:3   | Killed Gastronok
 20843 | Lair:3   | Your ally Gastronok died
 21157 | Lair:3   | Reached XP level 13. HP: 68/92 MP: 0/0
 21157 | Lair:3   | Learned a level 5 spell: Agony
 22414 | Lair:4   | Reached **** piety under Yredelemnul
 22437 | Lair:4   | Reached skill level 11 in Invocations
 22947 | Lair:4   | Received a gift from Yredelemnul (2 flying skulls)
 23383 | Lair:4   | Found a staircase to the Snake Pit.
 23487 | Lair:4   | HP: 1/93 [naga/+0 trident (5)]
 24159 | Lair:4   | Found a staircase to the Shoals.
 24732 | Lair:5   | Noticed an eight-headed hydra
 24737 | Lair:5   | Killed an eight-headed hydra
 25029 | Lair:5   | Noticed an eight-headed hydra
 25032 | Lair:5   | Killed an eight-headed hydra
 25495 | Lair:5   | Received a gift from Yredelemnul (4 flying skulls)
 25496 | Lair:5   | Reached skill level 10 in Spellcasting
 25747 | Lair:5   | Identified the +0 robe of Hadjma {rF++ Str-3}
 25805 | Lair:5   | Found a viscous altar of Jiyva.
 25806 | Lair:5   | Found a staircase to the Slime Pits.
 26389 | Lair:6   | Entered Level 6 of the Lair of Beasts
 27123 | Lair:6   | Reached XP level 14. HP: 101/101 MP: 0/0
 27128 | Lair:6   | Received a gift from Yredelemnul (4 flying skulls)
 28678 | D:11     | Found a portal to a secret trove of treasure.
 28691 | D:11     | Received a gift from Yredelemnul (a wight)
 29060 | D:11     | Received a gift from Yredelemnul (a wight)
 29611 | D:11     | Found a staircase to the Orcish Mines.
 31656 | D:12     | Reached ***** piety under Yredelemnul
 31681 | D:12     | Reached skill level 12 in Invocations
 31899 | D:12     | Received a gift from Yredelemnul (a wight)
 31900 | D:12     | Reached skill level 1 in Shields
 32528 | Orc:1    | Entered Level 1 of the Orcish Mines
 32750 | Orc:1    | Noticed an orc warlord
 32770 | Orc:1    | Received a gift from Yredelemnul (a vampire)
 33033 | D:11     | Upgraded the game from 0.27-a0-1149-g4505690ab0 to
                  | 0.27-a0-1154-gfdeffcb720
 33193 | Orc:1    | HP: 5/102 [orc warlord/+1 antimagic bardiche (30)]
 33199 | Orc:1    | HP: 5/102 [orc warlord/+1 antimagic bardiche (24)]
 33200 | Orc:1    | Annihilated by an orc warlord

Illustrated notes

Levels and vault maps discovered:
D:1:      dpeg_arrival_subterranean_lakeside_camping, layout_rooms,
          minmay_tetromino_o2
D:2:      layout_loops_cross
D:3:      layout_loops_corners, nicolae_yredelemnul_corpse_copse
D:4:      layout_loops_ring, general_overflow_altar, nrook_mini_vaults,
          kennysheep_opposing_triangles
D:5:      layout_rooms, riverfiend_overflow_shadow_ancestor,
          serial_co_window_serial, co_window_paths_a, co_window_paths_a,
          co_window_paths_b, co_window_paths_a, co_window_of_opportunity_a,
          co_window_broadway_a, co_window_2corner, co_window_2corner,
          glass_columns_c, glass_columns_b, glass_columns_c, glass_columns_a,
          glass_columns_a
D:6:      layout_basic, uniq_eustachio
D:7:      layout_gridville, elyvilon_altar_4, nicolae_overflow_crystal_walls,
          minmay_temple_entry_statues, minmay_parallelograms, grunt_ministairs_6
D:8:      layout_loops_ring, lemuel_tele_altar, erik_lair_dragon
D:9:      layout_basic
D:10:     layout_loops_cross, grunt_qazlal_sundering, uniq_snorg
D:11:     layout_grid_maze, david_orc_5, enter_trove_0
D:12:     layout_cave_pools, roderic_roman_lattice, corner_web_ring
Lair:1:   layout_gridlike, minivault_19, serial_bayou_shore_b,
          grunt_megastairs_4
Lair:2:   layout_misc_corridors, st_stairs_8
Lair:3:   layout_small_grid, basic_altar, st_stairs_13, uniq_gastronok
Lair:4:   layout_cave_pods, minmay_shoals_entry_centaurs,
          minmay_snake_entry_guardpost_small
Lair:5:   layout_cave_pods, slime_altar_1, infiniplex_staircase_pool_2
Lair:6:   minmay_lair_end_enchanted_forest, layout_long_grid,
          lemuel_fruit_fields
Orc:1:    layout_diamond_mine, gammafunk_ghost_split

Skill      XL: |  1  2  3  4  5  6  7  8  9 10 11 12 13 14 |
---------------+-------------------------------------------+-----
Fighting       | 1 2 3 4 5 6 7 9 |  9.9
Stealth        | 2 3 4 5 6 7 8 9 |  9.2
Long Blades    | 1 2 3 4 5 6 7 8 9 |  9.0
Spellcasting   | 3 4 5 6 7 8 9 10 11 | 11.0
Invocations    | 1 3 4 6 7 9 10 11 12 | 12.0
Shields        | 1 |  1.4
Dodging        | |  2.1

Action                   |  1- 3 |  4- 6 |  7- 9 | 10-12 | 13-15 || total
-------------------------+-------+-------+-------+-------+-------++-------
Melee: Dagger            |       |     7 |     8 |    15 |    38 ||    68
       Long sword        |       |       |       |     3 |    16 ||    19
 Cast: Shock             |    84 |    86 |   129 |   108 |    71 ||   478
       Static Discharge  |     2 |     8 |    16 |    17 |     4 ||    47
       Sandblast         |       |    12 |    53 |   116 |   112 ||   293
       Slow              |       |       |     7 |       |       ||     7
       Summon Guardian G |       |       |     5 |     3 |       ||     8
       Airstrike         |       |       |    35 |    65 |   149 ||   249
       Lightning Bolt    |       |       |       |    42 |    38 ||    80
       Manifold Assault  |       |       |       |     2 |     8 ||    10
       Confusing Touch   |       |       |       |     1 |     5 ||     6
       Agony             |       |       |       |       |     3 ||     3
Invok: Animate Remains   |       |       |     9 |    16 |       ||    25
       Animate Dead      |       |       |       |    20 |    53 ||    73
       Recall Undead Sla |       |       |       |     1 |     1 ||     2
  Use: Scroll            |       |       |     9 |     4 |     9 ||    22
       Potion            |       |       |       |       |     1 ||     1
 Stab: Sleeping          |       |     5 |     2 |     4 |     8 ||    19
Armor: Robe              |     2 |       |       |       |       ||     2
       Leather armour    |     6 |     3 |    14 |    24 |    46 ||    93
Dodge: Dodged            |     8 |    11 |    36 |    62 |    80 ||   197
Block: Other             |     1 |     3 |    16 |    28 |    27 ||    75
       Reflection        |       |       |     1 |       |     1 ||     2

Table legend: (Time is in decaauts)
 A = Elapsed time spent in this place.
 B = Non-inter-level travel time spent in this place.
 C = Inter-level travel time spent in this place.
 D = Time resting spent in this place.
 E = Time spent auto-exploring this place.
 F = Levels seen in this place.
 G = Mean time per level.
                   A        B        C        D        E       F      G
               +--------+--------+--------+--------+--------+-----+--------+
         Total |  33259 |  30153 |   3106 |  15484 |  11454 |  19 | 1750.5 |
       Dungeon |  20293 |  18674 |   1619 |   7911 |   8877 |  12 | 1691.1 |
          Lair |  12692 |  11257 |   1435 |   7421 |   2577 |   6 | 2115.3 |
  Orcish Mines |    274 |    223 |     51 |    152 |      0 |   1 |  274.0 |
               +--------+--------+--------+--------+--------+-----+--------+

Top non-repeatable levels by time:
  Lair:4: 3392 daAuts
  Lair:1: 2998 daAuts
     D:6: 2696 daAuts
     D:8: 2575 daAuts
    D:11: 2473 daAuts
  Lair:5: 2156 daAuts
    D:12: 1792 daAuts
     D:7: 1643 daAuts
    D:10: 1563 daAuts
  Lair:3: 1461 daAuts
  Lair:2: 1443 daAuts
     D:1: 1397 daAuts
     D:3: 1316 daAuts
     D:4: 1309 daAuts
     D:5: 1308 daAuts
